 Dungeon Crawl Stone Soup version 0.20-a0-1050-g57248f3 (webtiles) character file.

6106 coladraken the Basher (level 10, -25/109 (110) HPs)
             Began as a Troll Berserker on Apr 25, 2017.
             Was a Priest of Trog.
             Annihilated by a large slime creature (41 damage)
             ... on level 9 of the Dungeon.
             The game lasted 01:01:45 (5423 turns).

coladraken the Basher (Troll Berserker)             Turns: 5423, Time: 01:01:45

HP:   -25/109 (110) AC: 12    Str: 29    XL:     10   Next: 58%
MP:   9/9           EV: 12    Int:  3    God:    Trog [***...]
Gold: 213           SH:  0    Dex:  8    Spells: 9/9 levels left

rFire    + . .     SeeInvis .   v - +3 flail
rCold    . . .     Gourm    +   (no shield)
rNeg     . . .     Faith    .   F - +2 robe
rPois    +         Spirit   .   (helmet restricted)
rElec    .         Reflect  .   o - +0 cloak
rCorr    .         Harm     .   (gloves unavailable)
MR       ++...                  (boots unavailable)
Stlth    +.........             (no amulet)
Regen    1.7/turn               e - +4 ring of protection
MPRegen  0.2/turn               K - ring of fire

@: exhausted, regenerating, slowed, very slow
A: unfitting armour, claws 3, clumsy 1, cold resistance 1, fast metabolism 3,
gourmand, poison resistance, regeneration 1, robust 1, shaggy fur 1, tough skin
2, subdued magic 1
a: Berserk, Trog's Hand, Burn Spellbooks, Renounce Religion


You were on level 9 of the Dungeon.
You worshipped Trog.
Trog was most pleased with you.
You were very full.

You visited 1 branch of the dungeon, and saw 9 of its levels.

You collected 246 gold pieces.
You spent 33 gold pieces at shops.

Inventory:

Hand Weapons
 c - a +0 giant club
 q - a +1 flail of venom
 s - a +0 giant spiked club
 v - a +3 flail (weapon)
 w - a +2 whip of electrocution
 A - a +0 great mace
 C - a +3 scimitar of flaming
 X - a +1 shortbow of flaming
Missiles
 E - 8 tomahawks (quivered)
 O - 33 arrows
Armour
 f - a +0 robe
 l - the +1 ring mail "Xufo Loekh" {rElec rC+ Str+3, unknown}
   (You found it on level 7 of the Dungeon)

   It affects your strength (+3).
   It protects you from cold.
   It insulates you from electricity.
 n - a +0 plate armour
 o - a +0 cloak (worn)
 D - a +0 robe
 F - a +2 robe (worn)
 S - a +0 robe
Magical Staves
 G - an uncursed staff of energy {unknown}
 V - an uncursed staff of cold {unknown}
 Y - an uncursed staff of death {unknown}
Jewellery
 e - a +4 ring of protection (left claw)
 K - a ring of fire (right claw)
 Z - an uncursed ring of flight {unknown}
Wands
 t - a wand of confusion (21/48)
 u - a wand of iceblast (4/15)
 H - a wand of iceblast (7/15)
 M - a wand of flame (14/48)
 R - a wand of lightning (4/15)
Scrolls
 d - 6 scrolls of remove curse
 i - a scroll of fear {unknown}
 m - 4 scrolls of identify {unknown}
 p - a scroll of enchant armour {unknown}
 r - a scroll of fog {unknown}
 x - 2 scrolls of immolation {unknown}
 y - 2 scrolls of amnesia {unknown}
 B - 3 scrolls of random uselessness {unknown}
 Q - a scroll of teleportation {unknown}
 T - 2 scrolls of brand weapon {unknown}
 W - 2 scrolls of magic mapping {unknown}
Potions
 a - 3 potions of invisibility {unknown}
 g - 3 potions of curing
 h - a potion of mutation
 j - 3 potions of lignification
 L - a potion of magic {unknown}
 N - a potion of haste {unknown}
 P - a potion of agility {unknown}
 U - a potion of degeneration {unknown}
Comestibles
 b - 8 bread rations
 k - 13 fruits
 z - 7 royal jellies
 I - 2 meat rations


   Skills:
 + Level 6.9 Fighting
 + Level 9.8 Maces & Flails
 + Level 6.8 Dodging
 + Level 0.6 Stealth
 + Level 5.6 Unarmed Combat


You had 9 spell levels left.
You didn't know any spells.

Dungeon Overview and Level Annotations

Branches:
Dungeon (9/15)             Temple (0/1) D:4
   Lair: D:8-11         Orc: D:9-12

Altars:
Ashenzari
Cheibriados
Nemelex Xobeh
Uskayaw
Vehumet
Wu Jian
Yredelemnul
Zin
The Shining One

Shops:
D:5 ?

Annotations:
D:5 1 exclusion


Innate Abilities, Weirdness & Mutations

You are too large for most types of armour.
You have claws for hands.
Your metabolism is lightning-fast.
You like to eat raw meat.
Your natural rate of healing is unusually fast.
You are covered in fur. (AC +1)
You have very tough skin. (AC +2)
You are clumsy. (Dex -2)
Your flesh is cold resistant. (rC+)
Your system is resistant to poisons. (rPois)
You are robust. (+10% HP)
Your spells are a little easier to cast, but a little less powerful.


Message History

Two slime creatures merge to form a large slime creature.
You feel a strong urge to attack something.
You see here a ring mail.
You feel your anger subside.
You are no longer berserk.
You are exhausted.
You feel yourself slow down.
Found 10 gold pieces.
Found a stone staircase leading up.
The slime creature hits you!
* * * LOW HITPOINT WARNING * * *
The slime creature hits you!
* * * LOW HITPOINT WARNING * * *
The large slime creature barely misses you.
The slime creature closely misses you.
The slime creature hits you but does no damage.
The slime creature hits you.
* * * LOW HITPOINT WARNING * * *
The slime creature hits you but does no damage.
Two slime creatures merge to form a large slime creature.
The large slime creature hits you!!!
You die...

....#.. ....
....... .......#
./..... .......#
....... #......#
....... #......#
..#.#..##......#
.......<.......#
..#.#..........#..
..........@.......
.#.......JJ#......
##.......o##.#...
........[...# .[ #
########)......##
#.#.#.#..<
#..........
#)#.#.#.#$.
..........#


You could see 2 large slime creatures and an orc.

Vanquished Creatures
  A two-headed ogre (D:8)
  Erica (D:8)
  A hornet (D:8)
  A hippogriff (D:9)
  Eustachio (D:4)
  A human (D:7)
  4 hogs (D:7)
  A water moccasin (D:6)
  The ghost of cortexin the Covert, an amateur SpAs (D:3)
  2 sky beasts
  Duvessa (D:5)
  4 phantoms
  A slave (D:7)
  An ogre (D:8)
  An eye of draining (D:8)
  2 necrophages
  3 centaurs (D:5)
  3 bullfrogs
  A big kobold (D:7)
  4 scorpions
  Dowan (D:5)
  A water moccasin skeleton (D:8)
  A howler monkey (D:5)
  4 crimson imps
  4 hounds
  A quasit (D:7)
  A centaur zombie (D:5)
  3 jellies
  2 orc priests (D:6)
  2 gnoll shamans (D:6)
  Ijyb (D:3)
  Natasha (thrice) (D:4)
  8 orc wizards
  6 worker ants
  A killer bee zombie (D:8)
  A hound skeleton (D:7)
  11 gnolls
  5 adders
  2 shadow imps
  An ooze (D:2)
  An adder skeleton (D:8)
  A worm (D:4)
  A dart slug (D:1)
  2 leopard geckos (D:6)
  21 orcs
  3 bats
  4 giant cockroaches
  3 hobgoblins
  9 jackals
  4 quokkas
  A ball python (D:4)
  5 goblins
  9 kobolds
  A leopard gecko skeleton (D:4)
  A leopard gecko zombie (D:7)
  A quokka skeleton (D:4)
  A quokka zombie (D:6)
  2 rats (D:3)
164 creatures vanquished.

Vanquished Creatures (collateral kills)
  Pikel (D:7)
  A sky beast (D:7)
  3 slaves (D:7)
  An orc wizard (D:7)
  A gnoll (D:7)
  An orc (D:7)
8 creatures vanquished.

Grand Total: 172 creatures vanquished

Notes
Turn   | Place    | Note
-------+----------+-------------------------------------------
     0 | D:1      | coladraken the Troll Berserker began the quest for the Orb.
     0 | D:1      | Reached XP level 1. HP: 22/22 MP: 0/0
   240 | D:2      | Reached XP level 2. HP: 29/29 MP: 1/1
   318 | D:2      | Found an ornate altar of the Wu Jian Council.
   354 | D:2      | Reached XP level 3. HP: 36/36 MP: 2/2
   577 | D:3      | Noticed cortexin's ghost (amateur SpAs)
   592 | D:3      | Killed cortexin's ghost
   592 | D:3      | Reached XP level 4. HP: 27/45 MP: 3/3
   592 | D:3      | Reached XP level 5. HP: 32/53 MP: 4/4
   811 | D:3      | Noticed Ijyb
   820 | D:3      | Killed Ijyb
   938 | D:4      | Reached ** piety under Trog
   953 | D:4      | Found a staircase to the Ecumenical Temple.
   992 | D:4      | Noticed Natasha
   997 | D:4      | Killed Natasha
  1205 | D:4      | Reached skill level 5 in Unarmed Combat
  1286 | D:4      | Noticed a phantom
  1291 | D:4      | Reached XP level 6. HP: 61/61 MP: 5/5
  1333 | D:4      | Reached skill level 1 in Maces & Flails
  1345 | D:4      | Reached skill level 2 in Maces & Flails
  1409 | D:4      | Noticed Eustachio
  1420 | D:4      | Killed Eustachio
  1420 | D:4      | Reached XP level 7. HP: 60/68 MP: 6/6
  1456 | D:4      | Reached skill level 3 in Maces & Flails
  1498 | D:4      | Noticed Natasha
  1514 | D:4      | Killed Natasha
  1612 | D:4      | Found a hide-covered altar of Uskayaw.
  1820 | D:4      | Found a glowing silver altar of Zin.
  1820 | D:4      | Found a glowing golden altar of the Shining One.
  1823 | D:4      | Found a basalt altar of Yredelemnul.
  1895 | D:4      | Noticed Natasha
  1899 | D:4      | Killed Natasha
  1936 | D:5      | Entered Level 5 of the Dungeon
  1987 | D:5      | Noticed Dowan
  1988 | D:5      | Noticed Duvessa
  1994 | D:5      | Reached skill level 4 in Maces & Flails
  1999 | D:5      | Killed Dowan
  2019 | D:5      | Killed Duvessa
  2019 | D:5      | Reached XP level 8. HP: 54/78 MP: 7/7
  2058 | D:5      | Found a radiant altar of Vehumet.
  2203 | D:5      | Reached skill level 5 in Maces & Flails
  2318 | D:5      | Reached *** piety under Trog
  2588 | D:5      | Found Neluper's Magic Scroll Shop.
  2598 | D:5      | Reached skill level 6 in Maces & Flails
  2670 | D:5      | Bought a scroll of remove curse for 33 gold pieces
  2696 | D:6      | Reached skill level 5 in Fighting
  2696 | D:6      | Reached skill level 5 in Dodging
  2854 | D:6      | Reached XP level 9. HP: 83/88 MP: 8/8
  3071 | D:6      | Reached skill level 7 in Maces & Flails
  3075 | D:6      | Found a snail-covered altar of Cheibriados.
  3075 | D:6      | Found a shattered altar of Ashenzari.
  3777 | D:7      | Reached **** piety under Trog
  3814 | D:7      | Gained mutation: You have a somewhat thin skeletal structure. (Dex +2, Stealth) [mutagenic meat]
  3816 | D:7      | Gained mutation: Your magical capacity is low. (-10% MP) [mutagenic meat]
  3817 | D:7      | Gained mutation: You are clumsy. (Dex -2) [mutagenic meat]
  3910 | D:7      | Noticed Pikel
  3928 | D:7      | Killed Pikel
  3928 | D:7      | Reached skill level 8 in Maces & Flails
  4121 | D:7      | Gained mutation: You are robust. (+10% HP) [mutagenic meat]
  4122 | D:7      | Gained mutation: You are very clumsy. (Dex -4) [mutagenic meat]
  4124 | D:7      | Lost mutation: Your magical capacity is low. (-10% MP) [mutagenic meat]
  4210 | D:7      | Reached skill level 9 in Maces & Flails
  4210 | D:7      | Reached XP level 10. HP: 101/107 MP: 9/9
  4259 | D:7      | Got a transparent ring mail
  4646 | D:8      | Noticed a two-headed ogre
  4656 | D:8      | Killed a two-headed ogre
  4723 | D:8      | Paralysed by a hornet for 3 turns
  4729 | D:8      | Paralysed by a hornet for 3 turns
  4739 | D:8      | Paralysed by a hornet for 3 turns
  4741 | D:8      | HP: 5/110 [hornet (6)]
  4741 | D:8      | HP: 1/110 [hornet (4)]
  4744 | D:8      | Lost mutation: You have a somewhat thin skeletal structure. (Dex +2, Stealth) [potion of mutation]
  4744 | D:8      | Lost mutation: You are very clumsy. (Dex -4) [potion of mutation]
  4744 | D:8      | Gained mutation: Your spells are a little easier to cast, but a little less powerful. [potion of mutation]
  4744 | D:8      | Gained mutation: Your system is resistant to poisons. (rPois) [potion of mutation]
  4744 | D:8      | Gained mutation: Your flesh is cold resistant. (rC+) [potion of mutation]
  4838 | D:8      | Found a sparkling altar of Nemelex Xobeh.
  4865 | D:8      | Noticed Erica
  4891 | D:8      | Killed Erica
  5423 | D:9      | Annihilated by a large slime creature

Vault maps used:
D:1:      saegor_arrival_simple_a, minmay_tetromino_l2
D:2:      old_standard_altar, first_bread
D:3:      nicolae_ru_great_annihilating_truth, uniq_ijyb
D:4:      nicolae_overflow_crystal_walls, nicolae_overflow_hidden_temple,
          minmay_temple_entry_trees, uniq_eustachio, uniq_natasha
D:5:      serial_shops, shop_statue, vehumet_altar_wand_db, uniq_duvessa
D:6:      gammafunk_temple_overflow_pools, minivault_11, minmay_door_square
D:7:      grunt_livestock, uniq_pikel
D:8:      nemelex_xobeh_ov_fountains_minmay, minmay_misc_feat_cross, uniq_erica
D:9:      xom_teletrap_fun, david_lair_generic, serial_shops, shop,
          serial_glass, glass_columns_a, glass_columns_c, glass_columns_a,
          glass_columns_a, glass_columns_a, glass_columns_b, glass_columns_c,
          glass_columns_a, item_on_display_a

Skill      XL: |  1  2  3  4  5  6  7  8  9 |
---------------+----------------------------+-----
Fighting       | 3 4 5 6 |  6.9
Dodging        | 3 4 5 6 |  6.8
Unarmed Combat | 4 5 |  5.6
Maces & Flails | 2 4 6 9 |  9.8
Stealth        | |  0.6

Action                   |  1- 3 |  4- 6 |  7- 9 | 10-12 || total
-------------------------+-------+-------+-------+-------++-------
Melee: Unarmed           |    70 |    40 |       |       ||   110
       Punch             |     1 |     3 |    11 |     3 ||    18
       Flail             |       |    65 |   330 |   128 ||   523
Invok: Berserk           |     1 |       |     5 |     2 ||     8
       Trog's Hand       |       |       |     7 |     5 ||    12
       Brothers in Arms  |       |       |     2 |     1 ||     3
  Use: Scroll            |       |       |     2 |       ||     2
       Potion            |       |       |       |     3 ||     3
 Stab: Sleeping          |       |       |       |     1 ||     1
  Eat: Chunk             |    11 |     7 |    45 |    11 ||    74
       Bread ration      |       |       |       |     1 ||     1
Armor: Animal skin       |    29 |    41 |    10 |       ||    80
       Robe              |       |       |   152 |    63 ||   215
       Skin              |       |       |       |     9 ||     9
Dodge: Dodged            |    34 |    57 |   193 |    86 ||   370
